 Dungeon Crawl Stone Soup version 0.23.2-1-ga50397a (webtiles) character file.

Game seed: 18323743222685132507

90 Yiraa the Chucker (level 4, 0/29 (35) HPs)
             Began as a Ghoul Wanderer on Apr 26, 2019.
             Killed by divine providence
             ... invoked by an orc priest
              (10 damage)
             ... on level 2 of the Dungeon.
             The game lasted 00:09:40 (2521 turns).

Yiraa the Chucker (Ghoul Wanderer)                  Turns: 2521, Time: 00:09:41

HP:   0/29 (35)     AC: 14    Str: 15    XL:     4   Next: 56%
MP:   3/3           EV:  4    Int:  7    God:
Gold: 86            SH:  0    Dex:  9    Spells: 2/3 levels left

rFire    . . .     SeeInvis .   (no weapon)
rCold    + . .     Gourm    .   (no shield)
rNeg     + + +     Faith    .   h - +3 plate armour
rPois    ∞         Spirit   .   (no helmet)
rElec    .         Reflect  .   n - +0 cloak
rCorr    .         Harm     .   (no gloves)
MR       .....                  (no boots)
Stlth    ..........             (no amulet)
HPRegen  0.00/turn              (no ring)
MPRegen  0.08/turn              (no ring)

@: rotting
A: rotting body, claws 1, carnivore, cold resistance 1, negative energy
resistance 3, inhibited regeneration, torment resistance, unbreathing
a: no special abilities


You were on level 2 of the Dungeon.
You were not hungry.

You visited 1 branch of the dungeon, and saw 2 of its levels.

You collected 86 gold pieces.

Inventory:

Missiles
 e - 70 stones (quivered)
Armour
 b - a +0 ring mail
 h - a +3 plate armour (worn)
 n - a +0 cloak (worn)
Scrolls
 a - a scroll of amnesia {unknown}
 c - 2 scrolls of identify {unknown}
 f - a scroll of random uselessness {unknown}
 g - 3 scrolls of remove curse {unknown}
 i - a scroll of magic mapping {unknown}
 j - a scroll of teleportation {unknown}
 k - 2 scrolls of fog {unknown}
Potions
 l - 2 potions of ambrosia {unknown}
 m - a potion of magic {unknown}
Comestibles
 d - 5 rations


   Skills:
 - Level 1.1 Fighting
   Level 1.7 Maces & Flails
 * Level 3.0 Throwing
 + Level 1.8 Dodging
   Level 1.7 Shields
   Level 2.6 Translocations
   Level 1.7 Transmutations


You had 2 spell levels left.
You knew the following spells:

 Your Spells              Type           Power        Failure   Level  Hunger
a - Sandblast             Erth           #.....       100%        1    ##.....

Your spell library contained the following spells:

 Spells                   Type           Power        Failure   Level  Hunger
 Passwall                 Tmut/Erth      #.......     100%        2    ###....
 Stone Arrow              Conj/Erth      #.....       100%        3    ####...
 Petrify                  Tmut/Erth      #.......     100%        4    #####..
 Lee's Rapid Deconstruct  Erth           #.........   100%        5    ######.


Dungeon Overview and Level Annotations

Branches:
Dungeon (2/15)

Altars:
Ru


Innate Abilities, Weirdness & Mutations

Your body is rotting away.
You thrive on raw meat.
You are immune to poison.
You have sharp fingernails.
You are carnivorous and can eat meat at any time.
Your flesh is cold resistant. (rC+)
You are immune to negative energy. (rN+++)
You do not regenerate when monsters are visible.
You are immune to unholy pain and torment.
You can survive without breathing.


Message History

Your Throwing skill increases to level 3!
The orc priest looks satisfied for a moment.
The orc priest hits you but does no damage.
Items here: )) [ †† a +0 flail; a +0 dagger; a +0 leather armour; an orc corpse x2
You closely miss the orc priest.
The orc priest hits you but does no damage.
Your plate armour prevents you from hitting the orc priest.
The orc wizard gestures wildly while chanting.
The orc wizard blinks!
The orc priest hits you.
You scratch the orc priest but do no damage.
The orc priest hits you but does no damage.
You scratch the orc priest but do no damage.
The orc priest hits you but does no damage.
You closely miss the orc priest.
The orc priest hits you but does no damage.
You closely miss the orc priest.
The orc priest calls down the wrath of Beogh upon you.
Beogh smites you!
You die...

#........#
##.[.....# #.......#
##......# #...####
##..# ####..####
.(#########........#
.(((((o@..'....>...#
o##########....)...#
#.......^#
#........#
##........#
#########.........#
.......#.#######..#
#..#..≈≈≈..#.##
###.#..≈...≈).#.##


You could see an orc priest and an orc wizard.

Vanquished Creatures
  An orc wizard (D:2)
  2 worms (D:2)
  A leopard gecko (D:1)
  2 orcs (D:2)
  3 ball pythons (D:1)
  3 giant cockroaches
  6 goblins
  8 hobgoblins
  6 jackals
  3 kobolds
  4 bats
  5 frilled lizards
  3 rats (D:1)
47 creatures vanquished.

Notes
Turn   | Place    | Note
-------+----------+-------------------------------------------
     0 | D:1      | Yiraa the Ghoul Wanderer began the quest for the Orb.
     0 | D:1      | Yiraa set off with the following items: a +0 mace, a +0
                  | ring mail, a ration; and the following spell memorised:
                  | Sandblast; and the following spells available to memorise:
                  | Passwall, Stone Arrow, Petrify, Lee's Rapid Deconstruction
     0 | D:1      | Reached XP level 1. HP: 16/16 MP: 0/0
    81 | D:1      | Reached skill level 1 in Throwing
   337 | D:1      | Reached XP level 2. HP: 23/23 MP: 1/1
   968 | D:1      | Reached skill level 1 in Dodging
  1072 | D:1      | Reached XP level 3. HP: 26/28 MP: 2/2
  1232 | D:1      | Reached skill level 2 in Throwing
  2352 | D:2      | Found a sacrificial altar of Ru.
  2466 | D:2      | Reached XP level 4. HP: 30/30 MP: 3/3
  2514 | D:2      | Reached skill level 3 in Throwing
  2521 | D:2      | Killed from afar by an orc priest

Skill      XL: |  1  2  3  4 |
---------------+-------------+-----
Throwing       | 1 2 3 |  3.0
Dodging        | 1 |  1.8
Fighting       | |  1.1
Maces & Flails | |  1.7
Shields        | |  1.7
Translocations | |  2.6
Transmutations | |  1.7

Action                   |  1- 3 |  4- 6 || total
-------------------------+-------+-------++-------
Melee: Unarmed           |   129 |    48 ||   177
Throw: Tomahawk          |   103 |     1 ||   104
       Stone             |    67 |     5 ||    72
  Eat: Ration            |     2 |       ||     2
       Chunk             |     1 |       ||     1
Armor: Ring mail         |    39 |       ||    39
       Plate armour      |    68 |    36 ||   104
Dodge: Dodged            |    73 |     6 ||    79
